 Dungeon Crawl Stone Soup version 0.23.2-40-g277498a001 (webtiles) character file.

Game seed: 4048118180110235709

39991 BinkBink the Carver (level 13, -14/123 HPs)
             Began as a Deep Dwarf Berserker on Aug 13, 2019.
             Was an Elder of Trog.
             Killed from afar by an ice dragon (39 damage)
             ... with a blast of cold
             ... in an ice cave.
             The game lasted 00:49:54 (15059 turns).

BinkBink the Carver (Deep Dwarf Berserker)         Turns: 15059, Time: 00:49:57

Health: -14/123    AC: 15    Str: 29    XL:     13   Next: 72%
Magic:  0/0        EV: 19    Int:  8    God:    Trog [****..]
Gold:   1651       SH:  7    Dex: 15    Spells: 12/12 levels left

rFire    . . .     SeeInvis .   D - +8 long sword
rCold    . . .     Gourm    .   b - +1 buckler
rNeg     . . .     Faith    .   e - +2 steam dragon scales
rPois    .         Spirit   .   y - +0 helmet
rElec    .         Reflect  .   C - +0 cloak
rCorr    .         Harm     .   a - +2 pair of gloves
MR       +++..                  (no boots)
Stlth    +++.......             f - amulet of the acrobat
HPRegen  1.00/turn              O - +3 ring of strength
MPRegen  0.07/turn              J - +3 ring of dexterity

@: non-regenerating
A: damage resistance, heal wounds, sense surroundings 2, no regeneration
a: Heal Wounds, Berserk, Trog's Hand, Brothers in Arms, Renounce Religion


You were in an ice cave.
You worshipped Trog.
Trog was greatly pleased with you.
You were not hungry.

You visited 3 branches of the dungeon, and saw 18 of its levels.
You also visited: Ossuary, Bailey and Ice Cave.

You collected 1651 gold pieces.

Inventory:

Hand Weapons
 z - a +3 great sword of freezing
 D - a +8 long sword (weapon)
Missiles
 n - 4 poisoned tomahawks (quivered)
 G - 84 tomahawks of returning
Armour
 a - a +2 pair of gloves (worn)
 b - a +1 buckler (worn)
 e - +2 steam dragon scales (worn)
 y - a +0 helmet (worn)
 C - a +0 cloak (worn)
Magical Staves
 i - an uncursed staff of poison {unknown}
Jewellery
 f - an amulet of the acrobat (around neck)
 m - an uncursed ring of poison resistance
 t - a +5 ring of evasion
 w - an uncursed ring of protection from magic
 A - an uncursed amulet of guardian spirit
 J - a +3 ring of dexterity (right hand)
 K - an uncursed amulet of magic regeneration
 O - a +3 ring of strength (left hand)
 P - an uncursed ring of ice
 X - an uncursed ring of positive energy
Wands
 g - a wand of acid (16)
 k - a wand of enslavement (19)
 x - a wand of flame (21)
 E - a wand of iceblast (7)
 H - a wand of scattershot (3)
 I - a wand of clouds (6)
 M - a wand of digging (13)
 N - a wand of random effects (18)
Scrolls
 d - 2 scrolls of magic mapping
 h - a scroll of fear
 s - 2 scrolls of fog
 v - a scroll of teleportation
 B - 5 scrolls of remove curse
 F - 3 scrolls of immolation
 R - a scroll of identify
Potions
 j - 7 potions of flight
 l - 5 potions of mutation
 o - 2 potions of lignification {unknown}
 q - 4 potions of haste
 r - 3 potions of cancellation
 u - 11 potions of curing
 L - 2 potions of heal wounds
 Q - 2 potions of brilliance {unknown}
 S - 2 potions of magic {unknown}
 T - 3 potions of might {unknown}
 U - a potion of berserk rage
 V - a potion of experience {unknown}
Comestibles
 c - 21 rations
 p - 4 chunks of flesh


   Skills:
 + Level 10.2 Fighting
   Level 5.5(10.3) Short Blades
 + Level 14.2(14.6) Long Blades
 + Level 8.7 Armour
 + Level 10.0 Dodging
 + Level 5.3 Stealth
 + Level 9.2 Shields
 + Level 1.2 Evocations


You had 12 spell levels left.
You didn't know any spells.
Your spell library contained the following spells:

 Spells                   Type           Power        Failure   Level  Hunger
 Confusing Touch          Hex            #.....       41%         1    ##.....
 Flame Tongue             Conj/Fire      #....        41%         1    ##.....
 Sublimation of Blood     Necr           #.........   54%         2    ###....
 Throw Flame              Conj/Fire      #.....       54%         2    ###....
 Confuse                  Hex            #.......     78%         3    ####...
 Conjure Flame            Conj/Fire      #.......     78%         3    ####...
 Gell's Gravitas          Tloc           #.........   78%         3    ####...
 Ignite Poison            Fire/Tmut/Pois #.......     78%         3    ####...
 Inner Flame              Hex/Fire       #.......     78%         3    ####...
 Ice Form                 Ice/Tmut       #.......     99%         4    #####..
 Petrify                  Tmut/Erth      #.......     99%         4    #####..
 Sticky Flame             Conj/Fire      #.......     99%         4    #####..
 Alistair's Intoxication  Tmut/Pois      #.......     100%        5    ######.
 Fireball                 Conj/Fire      #.........   100%        5    ######.
 Irradiate                Conj/Tmut      #.........   100%        5    ######.
 Metabolic Englaciation   Hex/Ice        #.........   100%        5    ######.
 Yara's Violent Unravell  Hex/Tmut       #.........   100%        5    ######.
 Bolt of Cold             Conj/Ice       #.........   100%        6    #######
 Bolt of Fire             Conj/Fire      #.........   100%        6    #######
 Freezing Cloud           Conj/Ice/Air   #.........   100%        6    #######
 Ozocubu's Refrigeration  Ice            #.........   100%        6    #######
 Simulacrum               Ice/Necr       #.........   100%        6    #######
 Ring of Flames           Chrm/Fire      #.........   100%        7    #######
 Ignition                 Fire           #.........   100%        8    #######


Dungeon Overview and Level Annotations

Branches:
Dungeon (14/15)            Temple (0/1) D:6            Lair (2/6) D:10
    Orc (2/2) D:10
  Swamp: Lair:2-4    Shoals: Lair:2-4     Snake: Lair:2-4    Spider: Lair:2-4
    Elf: Orc:2       Vaults: D:13-14

Altars:
Ashenzari
Dithmenos
Makhleb
Uskayaw
Beogh

Shops:
Orc:1 %

Annotations:
D:9 3 runed translucent doors, FishyPogo's ghost, journeyman MiGl
D:13 3 runed translucent doors, Folks's ghost, journeyman DgCj


Innate Abilities, Weirdness & Mutations

You are resistant to damage.
You can heal yourself by infusing magical energy.
You passively map the area around you.
You do not regenerate.


Message History

The ice dragon roars deafeningly!
Found three items.
Your skin crawls.
You feel resistant to hostile enchantments.
You feel somewhat more hungry. The ice dragon breathes frost at you.
The blast of cold hits you!!
You slash the ice dragon!
The ice dragon is lightly wounded.
You block the ice dragon's attack. x2; The ice dragon tramples you!
You hold your ground!
You hit the ice dragon but do no damage.
The ice dragon is lightly wounded.
The ice dragon breathes frost at you.
The blast of cold hits the ice dragon.
The ice dragon resists.
The blast of cold hits you!!
* * * LOW HITPOINT WARNING * * *
The ice dragon breathes frost at you. The blast of cold hits you!!!
You die...

#..# ##..
##..# *
.#. ##..##
..##
###..## #.
* #...## *
, *
###.### ≈
* ##.#..#
,,*
#..##.##≈
**,
#.@.#..# ≈
##D#...##
≈** *
#..#####≈
≈ #.D.# *
≈ ≈ ,*
#..##,,**
, #.## ≈
,* #..#,,,
*
#....$$$#≈
* *
##....$$#
≈


You could see 2 ice dragons.

Vanquished Creatures
  Gastronok (Lair:2)
  Snorg (D:12)
  Josephine (D:12)
  Fannar (D:12)
  A catoblepas (D:13)
  4 two-headed ogres
  Erica (D:9)
  2 orc high priests (Orc:2)
  Sonja (Lair:2)
  An unseen horror (D:11)
  2 orc knights (Orc:2)
  Pikel (D:6)
  An ugly thing (D:12)
  2 manticores (D:11)
  A deep elf mage (D:12)
  A centaur zombie (D:10)
  2 ice statues (IceCv)
  Joseph (D:9)
  A black mamba (Lair:1)
  A gargoyle (D:13)
  A rime drake (IceCv)
  2 spiny frogs (Lair:1)
  A komodo dragon (Lair:1)
  5 trolls
  A hornet (Lair:2)
  4 slime creatures (D:12)
  Prince Ribbit (D:8)
  5 blink frogs (Lair:1)
  3 hippogriffs
  A meliai zombie (D:13)
  A shadow (D:12)
  A water elemental (D:12)
  A vampire (D:9)
  7 wraiths
  A wyvern (D:9)
  18 yaks
  A spriggan (D:11)
  A basilisk (D:12)
  A steam dragon (D:10)
  9 vampire mosquitoes
  Menkaure (D:4)
  3 wargs (D:10)
  9 water moccasins
  3 soldier ants
  Duvessa (D:7)
  An acid dragon (D:12)
  A porcupine (Lair:2)
  A black bear (D:9)
  26 ice beasts
  18 orc warriors
  An eye of draining (D:11)
  2 sky beasts
  6 wolves (Lair:1)
  9 ogres
  5 phantoms
  5 centaurs
  5 crocodiles
  A big kobold (D:10)
  16 bullfrogs
  Dowan (D:7)
  4 scorpions
  4 killer bees (D:12)
  14 wights
  3 howler monkeys
  3 electric eels
  2 crimson imps (D:11)
  2 bullfrog zombies
  3 quasits
  7 hounds
  3 jellies
  17 orc priests
  2 bullfrog skeletons
  3 centaur skeletons
  22 orc wizards
  3 iguanas
  11 worker ants
  A killer bee zombie (D:6)
  3 worker ant zombies
  Robin (D:4)
  17 gnolls
  16 adders
  3 shadow imps
  An ooze (D:3)
  2 adder zombies
  An adder skeleton (D:4)
  4 worms
  2 dart slugs
  8 leopard geckos
  85 orcs
  3 ball pythons
  9 bats
  3 giant cockroaches
  27 goblins
  20 hobgoblins
  6 jackals
  24 kobolds
  7 quokkas
  2 ball python skeletons (Ossuary)
  3 frilled lizards
  2 hobgoblin skeletons (Ossuary)
  A hobgoblin zombie (Ossuary)
  A jackal skeleton (D:7)
  An orc zombie (Ossuary)
  11 rats
  A toadstool (D:3)
575 creatures vanquished.

Vanquished Creatures (others)
  An orc (D:6)
  A fungus (Lair:2)
  2 plants (D:13)
  4 toadstools (D:3)
8 creatures vanquished.

Grand Total: 583 creatures vanquished

Notes
Turn   | Place    | Note
-------+----------+-------------------------------------------
     0 | D:1      | BinkBink the Deep Dwarf Berserker began the quest for the
                  | Orb.
     0 | D:1      | Reached XP level 1. HP: 20/20 MP: 1/1
    85 | D:1      | Reached XP level 2. HP: 21/27 MP: 2/2
  1581 | D:2      | Reached XP level 3. HP: 17/34 MP: 3/3
  1759 | D:2      | Noticed a phantom
  1793 | D:2      | Killed a phantom
  1793 | D:2      | Reached skill level 4 in Long Blades
  1793 | D:2      | Reached XP level 4. HP: 3/42 MP: 4/4
  1793 | D:2      | Reached XP level 5. HP: 4/49 MP: 5/5
  1876 | D:2      | Reached ** piety under Trog
  1938 | D:2      | Reached skill level 1 in Stealth
  2456 | D:3      | Found a shadowy altar of Dithmenos.
  2679 | D:3      | You fall through a shaft!
  2686 | D:4      | Noticed Menkaure
  2705 | D:4      | Killed Menkaure
  2705 | D:4      | Reached skill level 1 in Short Blades
  2705 | D:4      | Reached XP level 6. HP: 11/57 MP: 6/6
  3259 | D:4      | Noticed Robin
  3274 | D:4      | Reached *** piety under Trog
  3334 | D:4      | Killed Robin
  3457 | D:4      | Reached XP level 7. HP: 39/64 MP: 7/7
  3638 | D:4      | Reached skill level 1 in Shields
  3889 | D:5      | Entered Level 5 of the Dungeon
  3991 | D:5      | Reached skill level 5 in Armour
  4119 | D:5      | Noticed a -1 hand axe
  4122 | D:5      | Noticed a +0 hand axe
  4138 | D:5      | Found a hide-covered altar of Uskayaw.
  4373 | D:5      | Reached XP level 8. HP: 55/72 MP: 8/8
  5269 | D:6      | Reached skill level 5 in Short Blades
  5341 | D:6      | Found a staircase to the Ecumenical Temple.
  5366 | D:6      | Reached skill level 5 in Long Blades
  5503 | D:6      | Found a burning altar of Makhleb.
  5543 | D:6      | Gained mutation: You passively map the area around you.
                  | [Deep Dwarf growth]
  5543 | D:6      | Reached XP level 9. HP: 57/79 MP: 9/9
  5562 | D:6      | Reached **** piety under Trog
  5573 | D:6      | Reached skill level 6 in Long Blades
  5647 | D:6      | Found a sand-covered staircase.
  5654 | Ossuary  | Entered an ossuary
  5693 | Ossuary  | Received a gift from Trog
  5796 | Ossuary  | Reached skill level 5 in Fighting
  5976 | D:6      | Noticed Pikel
  5987 | D:6      | Killed Pikel
  5987 | D:6      | Reached skill level 7 in Long Blades
  6300 | D:6      | Found a shattered altar of Ashenzari.
  6794 | D:7      | Noticed Duvessa
  6794 | D:7      | Noticed Dowan
  6825 | D:7      | Killed Duvessa
  6829 | D:7      | Killed Dowan
  6829 | D:7      | Reached skill level 8 in Long Blades
  7154 | D:8      | Reached XP level 10. HP: 40/90 MP: 10/10
  7387 | D:8      | Noticed Prince Ribbit
  7394 | D:8      | Killed Prince Ribbit
  7680 | D:9      | Reached skill level 9 in Long Blades
  7778 | D:9      | Noticed Joseph
  7793 | D:9      | Killed Joseph
  8174 | D:9      | Found a runed translucent gate.
  8174 | D:9      | Found a runed translucent gate.
  8174 | D:9      | Found a runed translucent gate.
  8174 | D:9      | Noticed FishyPogo's ghost (journeyman MiGl)
  8257 | D:9      | Noticed Erica
  8262 | D:9      | Killed Erica
  8262 | D:9      | Reached skill level 10 in Long Blades
  8262 | D:9      | Reached skill level 5 in Shields
  8421 | D:10     | Entered Level 10 of the Dungeon
  8516 | D:10     | Found a staircase to the Lair.
  8613 | D:10     | Reached XP level 11. HP: 61/99 MP: 11/11
  8869 | D:10     | Found a staircase to the Orcish Mines.
  8902 | D:10     | Reached ***** piety under Trog
  9031 | D:11     | Reached skill level 5 in Dodging
  9050 | D:11     | Reached skill level 11 in Long Blades
  9733 | D:11     | Killed an unseen horror
 10153 | D:12     | Noticed a two-headed ogre
 10167 | D:12     | Noticed a two-headed ogre
 10188 | D:12     | Killed a two-headed ogre
 10188 | D:12     | Reached skill level 12 in Long Blades
 10198 | D:12     | Noticed Fannar
 10269 | D:12     | Killed Fannar
 10300 | D:12     | Noticed Snorg
 10337 | D:12     | Killed Snorg
 10337 | D:12     | Reached XP level 12. HP: 50/110 MP: 6/6
 10365 | D:12     | Found a flagged portal.
 10427 | Bailey   | Entered a bailey
 10934 | D:12     | Noticed Josephine
 10957 | D:12     | Received a gift from Trog
 11010 | D:12     | Killed Josephine
 11173 | D:12     | Noticed a two-headed ogre
 11185 | D:12     | Killed a two-headed ogre
 11251 | D:12     | Killed a two-headed ogre
 11499 | D:13     | Reached skill level 13 in Long Blades
 11745 | D:13     | Noticed a catoblepas
 11805 | D:13     | Killed a catoblepas
 12090 | D:13     | Noticed a two-headed ogre
 12098 | D:13     | Killed a two-headed ogre
 12157 | D:13     | Found a runed translucent gate.
 12158 | D:13     | Found a runed translucent gate.
 12159 | D:13     | Found a runed translucent gate.
 12219 | D:13     | Noticed Folks's ghost (journeyman DgCj)
 12220 | D:13     | Noticed a ten-headed hydra
 12418 | Lair:1   | Entered Level 1 of the Lair of Beasts
 12578 | Lair:1   | Reached XP level 13. HP: 89/121 MP: 6/6
 12861 | Lair:1   | Got a bloodstained scale mail
 13294 | Lair:2   | Noticed Sonja
 13306 | Lair:2   | Killed Sonja
 13379 | Lair:2   | Noticed Gastronok
 13392 | Lair:2   | Killed Gastronok
 13392 | Lair:2   | Reached skill level 5 in Stealth
 13985 | Orc:1    | Entered Level 1 of the Orcish Mines
 14052 | Orc:1    | Received a gift from Trog
 14073 | Orc:1    | Reached skill level 14 in Long Blades
 14105 | Orc:1    | Found Ugonkofi's Food Emporium.
 14332 | Orc:1    | Identified the +2 scale mail "Diagukluu" {-Tele Regen+
                  | Dex+2} (You found it on level 1 of the Lair of Beasts)
 14439 | Orc:2    | Entered Level 2 of the Orcish Mines
 14439 | Orc:2    | Found a roughly hewn altar of Beogh.
 14448 | Orc:2    | Found Pieno's Jewellery Emporium.
 14523 | Orc:2    | Found a roughly hewn altar of Beogh.
 14564 | Orc:2    | Found a frozen archway.
 14699 | Orc:2    | HP: 1/184 [orc warrior/+0 hand axe (10)]
 14708 | Orc:2    | Reached skill level 10 in Fighting
 14792 | IceCv    | Entered an ice cave
 14872 | IceCv    | Reached skill level 1 in Evocations
 14990 | IceCv    | Reached skill level 10 in Dodging
 15059 | IceCv    | Killed from afar by an ice dragon

Skill      XL: |  1  2  3  4  5  6  7  8  9 10 11 12 13 |
---------------+----------------------------------------+-----
Fighting       | 3 4 5 6 8 9 10 | 10.2
Long Blades    | 4 5 8 10 12 13 14 | 14.2
Armour         | 3 4 5 7 8 |  8.7
Stealth        | 1 2 4 5 |  5.3
Dodging        | 3 4 6 8 10 | 10.0
Short Blades   | 1 2 3 5 |  5.5
Shields        | 1 3 4 5 6 7 9 |  9.2
Evocations     | 1 |  1.2

Action                   |  1- 3 |  4- 6 |  7- 9 | 10-12 | 13-15 || total
-------------------------+-------+-------+-------+-------+-------++-------
Melee: Falchion          |    96 |    34 |       |       |       ||   130
       Dagger            |       |   198 |   444 |       |       ||   642
       Great sword       |       |       |    46 |       |       ||    46
       Long sword        |       |       |   137 |   919 |   439 ||  1495
Throw: Tomahawk          |       |       |       |       |     3 ||     3
Invok: Trog's Hand       |       |     4 |    13 |    31 |    17 ||    65
       Berserk           |       |       |       |       |     1 ||     1
 Abil: Heal Wounds       |     1 |     1 |       |    22 |    12 ||    36
Evoke: Wand              |       |       |       |       |     8 ||     8
  Use: Scroll            |       |       |    12 |    12 |     2 ||    26
       Potion            |       |       |       |       |     3 ||     3
 Stab: Sleeping          |       |       |       |     8 |     4 ||    12
  Eat: Chunk             |     3 |     7 |    14 |    24 |     7 ||    55
       Ration            |       |       |     1 |     2 |     3 ||     6
Armor: Animal skin       |     4 |       |       |       |       ||     4
       Ring mail         |    17 |    56 |    24 |       |       ||    97
       Chain mail        |       |       |   127 |    70 |       ||   197
       Steam dragon scal |       |       |       |   204 |   103 ||   307
Dodge: Dodged            |    65 |   131 |   329 |   602 |   309 ||  1436
Block: Buckler           |       |    18 |    81 |   310 |   173 ||   582
       Rpst.: Falchion   |    23 |     8 |       |       |       ||    31
       Great sword       |       |       |     8 |       |       ||     8
       Long sword        |       |       |    24 |   142 |    60 ||   226
